 Dungeon Crawl Stone Soup version 0.28.0-53-g5a82cb258f (webtiles) character file.

Game seed: 3674389381651710606

72 safid the Chopper (level 4, 0/40 HPs)
             Began as a Hill Orc Fighter on Aug 22, 2022.
             Slain by a gnoll
             ... wielding a +0 halberd
              (8 damage)
             ... on level 2 of the Dungeon.
             The game lasted 00:02:05 (1249 turns).

safid the Chopper (Hill Orc Fighter)                Turns: 1249, Time: 00:02:06

Health: 0/40       AC: 11    Str: 20    XL:     4   Next: 26%
Magic:  4/4        EV:  5    Int:  8    God:
Gold:   33         SH:  4    Dex: 10    Spells: 3/3 levels left

rFire   . . .      SeeInvis .   a - +0 war axe
rCold   . . .      Faith    .   c - +0 buckler
rNeg    . . .      Spirit   .   e - +0 plate armour
rPois   .          Reflect  .   (no helmet)
rElec   .          Harm     .   (no cloak)
rCorr   .          Rampage  .   (no gloves)
Will    .....                   (no boots)
Stlth   ..........              (no amulet)
HPRegen 0.13/turn               (no ring)
MPRegen 0.09/turn               (no ring)

@: no status effects
A: no striking features
a: no special abilities


You were on level 2 of the Dungeon.
You visited 1 branch of the dungeon, and saw 2 of its levels.

You collected 33 gold pieces.

Inventory:

Hand Weapons
 a - a +0 war axe (weapon)
Armour
 b - a +0 scale mail
 c - a +0 buckler (worn)
 e - a +0 plate armour (worn)
Jewellery
 k - an amulet of the acrobat
Scrolls
 f - 4 scrolls of identify {unknown}
 g - a scroll of fear {unknown}
 i - 2 scrolls of teleportation {unknown}
 j - a scroll of immolation {unknown}
 l - a scroll of enchant weapon {unknown}
Potions
 d - a potion of might
 h - a potion of resistance {unknown}


   Skills:
 - Level 4.0 Fighting
 + Level 4.1 Axes
 - Level 4.0 Armour
 - Level 4.0 Shields


You had 3 spell levels left.
You didn't know any spells.
Your spell library contained the following spells:

 Spells                   Type           Power      Damage    Failure   Level
 Call Canine Familiar     Summ           0%         N/A       100%        3
 Portal Projectile        Hex/Tloc       0%         N/A       100%        3
 Leda's Liquefaction      Hex/Erth       0%         N/A       100%        4


Dungeon Overview and Level Annotations

Branches:
Dungeon (2/15)

Altars:

Shops:
D:1 !


Message History

You hit the ball python.
You kill the ball python!
You block the gnoll's attack.
You slash the gnoll!
You kill the gnoll!
The bat hits you but does no damage. x2
Training target 4.0 for Armour reached!
Your Armour skill increases to level 4!
You have reached level 4!
You closely miss the bat. You block the bat's attack. x2
You hit the bat.
You kill the bat!
The bat hits you but does no damage.
You slash the gnoll!
You kill the gnoll!
The bat hits you but does no damage. x2
Training target 4.0 for Shields reached!
Your Axes skill increases to level 4!
Your Shields skill increases to level 4!
You slash the bat!
You kill the bat!
Items here: ))) ††.
You start resting.
A gnoll comes into view. It is wielding a +0 halberd.
You start resting.
A gnoll is nearby!
The gnoll shouts!
The gnoll hits you from afar with a +0 halberd.
The gnoll hits you but does no damage.
Items here: ))) ††.
You closely miss the gnoll.
The gnoll hits you with a +0 halberd. x2
You barely miss the gnoll. The gnoll hits you with a +0 halberd.
You hit the gnoll.
The gnoll is moderately wounded.
The gnoll hits you with a +0 halberd!
* * * LOW HITPOINT WARNING * * *
You barely miss the gnoll.
The gnoll is moderately wounded.
The gnoll hits you but does no damage. The gnoll hits you with a +0 halberd!
You die...

# ...... # .P....
# ...... ######
#...... .....#
....... ####.#
##....... # #.# #
###..#..... # #.#
#. #g......... ##
#.#
###.###@#########
.###.###
#.....#.#
.......#
#.....#.###
.###.#.#
#....†....# ##
#.#.# #.....#.#.#
# #.#.#
#.....#.#.#
#.#.#########.#.#
#.............#.#
##..#####.#####.#


You could see a gnoll.

Vanquished Creatures
  3 gnolls (D:2)
  5 endoplasms (D:1)
  A giant cockroach (D:1)
  5 goblins (D:1)
  2 hobgoblins (D:1)
  5 quokkas
  5 ball pythons
  5 bats
  5 frilled lizards (D:1)
  8 kobolds
  2 rats (D:1)
46 creatures vanquished.

Vanquished Creatures (others)
  22 plants (D:2)
22 creatures vanquished.

Grand Total: 68 creatures vanquished

Notes
Turn   | Place    | Note
-------+----------+-------------------------------------------
     0 | D:1      | safid the Hill Orc Fighter began the quest for the Orb.
     0 | D:1      | Reached XP level 1. HP: 19/19 MP: 1/1
   246 | D:1      | Found Ysiczu's Distillery.
   505 | D:1      | Reached XP level 2. HP: 27/27 MP: 2/2
   794 | D:1      | Reached XP level 3. HP: 30/33 MP: 3/3
  1132 | D:2      | Reached XP level 4. HP: 15/40 MP: 4/4
  1249 | D:2      | Slain by a gnoll

Illustrated notes

Levels and vault maps discovered:
D:1:      lightli_arrival_boilingwater, layout_rooms, serial_shops,
          nicolae_square_shop
D:2:      layout_loops_ring, shapermc_ecumenical_altar_totnotflames,
          nicolae_grassy_gnolls

Skill      XL: |  1  2  3  4 |
---------------+-------------+-----
Axes           | 3 4 |  4.1
Fighting       | 4 |  4.0
Armour         | 4 |  4.0
Shields        | 4 |  4.0

Action                   |  1- 3 |  4- 6 || total
-------------------------+-------+-------++-------
Melee: War axe           |    98 |     8 ||   106
Armor: Scale mail        |     9 |       ||     9
       Plate armour      |    60 |     5 ||    65
Dodge: Dodged            |    29 |       ||    29
Block: Buckler           |    26 |     2 ||    28
